 Dungeon Crawl Stone Soup version 0.24-a0-205-g1d96822 (webtiles) character file.

Game seed: 6986495276772113595

19 Ijustatesigmund the Cudgeler (level 2, 0/21 HPs)
             Began as an Octopode Monk on Mar 28, 2019.
             Slain by a leopard gecko (4 damage)
             ... on level 1 of the Dungeon.
             The game lasted 00:01:30 (620 turns).

Ijustatesigmund the Cudgeler (Octopode Monk)         Turns: 620, Time: 00:01:30

Health: 0/21       AC:  1    Str: 10    XL:     2   Next: 75%
Magic:  2/2        EV: 14    Int: 12    God:
Gold:   30         SH:  0    Dex: 14    Spells: 1/1 levels left

rFire    + . .     SeeInvis .   a - +0 mace
rCold    . . .     Gourm    .   (no shield)
rNeg     . . .     Faith    .   (helmet restricted)
rPois    .         Spirit   .   (no amulet)
rElec    .         Reflect  .   i - ring of protection from fire
rCorr    .         Harm     .   (no ring)
MR       .....                  (no ring)
Stlth    +++.......             (no ring)
HPRegen  0.07/turn              (no ring)
MPRegen  0.08/turn              (no ring)
                                (no ring)
                                (no ring)

@: no status effects
A: almost no armour, stealthy swim, amphibious, 8 rings, constrict 8, camouflage
1, gelatinous body 1
a: no special abilities


You were on level 1 of the Dungeon.
You were not hungry.

You visited 1 branch of the dungeon, and saw 1 of its levels.

You collected 30 gold pieces.

Inventory:

Hand Weapons
 a - a +0 mace (weapon)
Jewellery
 i - a ring of protection from fire (left tentacle)
Scrolls
 k - a scroll of random uselessness {unknown}
Potions
 e - a potion of agility {unknown}
 f - 2 potions of invisibility {unknown}
 h - a potion of might {unknown}
 j - a potion of degeneration {unknown}
Comestibles
 b - 2 rations


   Skills:
 - Level 3.0 Fighting
 * Level 3.6 Maces & Flails
 - Level 3.0 Dodging
 + Level 3.4 Stealth


You had one spell level left.
You didn't know any spells.
Your spell library was empty.

Dungeon Overview and Level Annotations

Branches:
Dungeon (1/15)

Altars:


Innate Abilities, Weirdness & Mutations

You cannot wear most types of armour.
You are very stealthy in the water. (Stealth+)
You are amphibious.
You can wear up to eight rings at the same time.
You can use your tentacles to constrict eight enemies at once.
Your skin changes colour to match your surroundings (Stealth+).
Your rubbery body absorbs attacks. (AC +1, EV +1)


Message History

A leopard gecko comes into view.
The leopard gecko hisses angrily.
The leopard gecko bites you.
You closely miss the leopard gecko. Your grab misses the leopard gecko.
The leopard gecko misses you.
You completely miss the leopard gecko. Your grab misses the leopard gecko.
The leopard gecko bites you. The leopard gecko closely misses you.
You barely miss the leopard gecko. Your grab misses the leopard gecko.
The leopard gecko bites you.
You closely miss the leopard gecko. Your grab misses the leopard gecko.
Your squeeze misses the leopard gecko. The leopard gecko bites you. x2
* * * LOW HITPOINT WARNING * * *
A leopard gecko is nearby!
You closely miss the leopard gecko. Your grab misses the leopard gecko.
Your squeeze misses the leopard gecko. The leopard gecko barely misses you.
You closely miss the leopard gecko. You grab the leopard gecko.
You constrict the leopard gecko. The leopard gecko bites you.
* * * LOW HITPOINT WARNING * * *
The leopard gecko bites you.
You die...

...# #.≈≈§≈§# ...#
#...§§.##.#
...#######''####.#
........##..# ...
...####..#''# #.# ...#
#.....# #.# ...# #.#####
#.# ...# #.# #l# #'## #.#
#@#
#.#####.######.#.######
#..............#......#
#######.#############.#
......................#
######..#........########
..........>..............
....##..#................
)...........#.#..#.######


You could see a leopard gecko.

Vanquished Creatures
  A dart slug (D:1)
  A leopard gecko (D:1)
  4 goblins (D:1)
  2 hobgoblins (D:1)
  4 kobolds (D:1)
  3 rats (D:1)
15 creatures vanquished.

Notes
Turn   | Place    | Note
-------+----------+-------------------------------------------
     0 | D:1      | Ijustatesigmund the Octopode Monk began the quest for the
                  | Orb.
     0 | D:1      | Reached XP level 1. HP: 16/16 MP: 1/1
    72 | D:1      | Reached XP level 2. HP: 21/21 MP: 2/2
   620 | D:1      | Slain by a leopard gecko

Levels and vault maps discovered:
D:1:      lightli_arrival_lavapool, layout_basic

Skill      XL: |  1 |
---------------+----+-----
Stealth        | 3 |  3.4
Fighting       | |  3.0
Maces & Flails | |  3.6
Dodging        | |  3.0

Action                   || total
-------------------------++-------
Melee: Mace              ||    25
       Tentacles         ||     4
       Constrict         ||     5
  Use: Scroll            ||     3
 Stab: Sleeping          ||    11
Dodge: Dodged            ||     7

Table legend:
 A = Non-vault XP
 B = Vault XP
 C = Vault XP percentage of total XP
 D = Non-vault monster count
 E = Vault monster count
 F = Vault count percentage of total count
                 A         B        C        D         E       F
            +---------+---------+-------+---------+---------+-------
      Total |      28 |       0 |   0.0 |      15 |       0 |   0.0
            +---------+---------+-------+---------+---------+-------
        D:1 |      28 |       0 |   0.0 |      15 |       0 |   0.0
            +---------+---------+-------+---------+---------+-------
